Map: Moondance

Players

Astrea

  • Race: Protoss Protoss
  • League: Grandmaster
  • Spawn Location: 12:00

ByuN - Winner!

  • Race: Terran Terran
  • Spawn Location: 6:00

VOD

Have the link to the VOD?

Description

Time

  • Played on: Oct. 22, 2022, 6:52 a.m.
  • Length: 6:21
Show
View Real Time Build Order
Export as new Build Order

Astrea Protoss 

Build Orders: 1 Gate Expand, Phoenix Opening 

Get SALT Encoding   

  12  0:00  Probe  
  13  0:12  Probe  
  14  0:16  Pylon  
  14  0:24  Probe (Chrono Boost)  
  16  0:36  Gateway, Probe (Chrono Boost)  
  16  0:43  Probe (Chrono Boost)  
  16  0:45  Assimilator  
  17  0:51  Probe  
  18  1:03  Probe  
  19  1:15  Probe  
  20  1:22  Cybernetics Core  
  20  1:32  Nexus  
  20  1:34  Probe  
  21  1:42  Pylon  
  21  1:47  Probe  
  22  1:50  Assimilator  
  22  1:57  Adept (Chrono Boost)  
  22  1:59  Probe  
  25  2:11  Probe  
  26  2:20  Adept  
  28  2:24  Probe  
  28  2:28  Stargate  
  29  2:36  Probe (Chrono Boost)  
  30  2:45  Probe (Chrono Boost)  
  30  2:49  Probe (Chrono Boost)  
  30  2:50  Warp Gate  
  32  2:55  Probe (Chrono Boost)  
  32  2:56  Probe (Chrono Boost)  
  32  2:57  Shield Battery  
  34  3:00  Probe (Chrono Boost)  
  34  3:03  Probe  
  36  3:11  Phoenix (Chrono Boost), Probe  
  39  3:13  Gateway  
  39  3:15  Probe  
  39  3:19  Twilight Council  
  40  3:23  Probe  
  41  3:27  Probe  
  41  3:31  Phoenix (Chrono Boost)  
  44  3:37  Probe  
  44  3:39  Probe, Pylon  
  46  3:50  Charge (Chrono Boost)  
  46  3:57  Probe  
  46  3:58  Gateway  
  46  3:59  Gateway  
  47  4:03  Probe  
  47  4:06  Phoenix  
  47  4:09  Pylon  
  50  4:10  Probe  
  50  4:14  Pylon  
  51  4:23  Nexus  
  51  4:31  Phoenix  
  51  4:32  Probe  
  55  4:38  Stalker  
  55  4:40  Zealot  
  58  4:48  Pylon  
  56  4:53  Zealot  
  56  4:55  Zealot  
  60  5:02  Zealot x2  
  64  5:09  Probe  
  64  5:13  Zealot  
  67  5:16  Zealot  
  65  5:24  Zealot  
  65  5:25  Zealot  
  61  5:31  Probe  
  54  5:35  Zealot  
  54  5:36  Zealot  
  54  5:40  Probe  
  57  5:45  Zealot x2  
  57  5:47  Pylon  
  54  5:52  Probe  
  54  5:56  Zealot  
  45  5:57  Zealot, Probe  
  45  6:01  Zealot  
  48  6:06  Zealot  
Show
View Real Time Build Order
Export as new Build Order

ByuN Terran - Winner!

Build Orders: 1/1/1 

Get SALT Encoding   

  12  0:00  SCV  
  13  0:12  SCV  
  14  0:16  Supply Depot  
  14  0:24  SCV  
  15  0:38  SCV  
  15  0:39  Barracks  
  15  0:42  Refinery  
  16  0:50  SCV  
  16  0:54  Refinery  
  17  1:02  SCV  
  18  1:14  SCV  
  19  1:26  Reaper, Orbital Command  
  20  1:42  Factory  
  20  1:50  Supply Depot  
  20  1:52  SCV  
  21  1:58  Barracks Reactor  
  21  2:04  SCV  
  22  2:17  SCV  
  22  2:22  Command Center  
  23  2:28  Starport  
  23  2:32  SCV  
  23  2:36  Widow Mine  
  27  2:44  SCV  
  27  2:46  Supply Depot  
  27  2:49  Marine x2  
  29  2:56  SCV  
  29  2:57  Factory Tech Lab  
  30  3:07  Marine x2  
  30  3:08  SCV  
  33  3:17  Cyclone  
  36  3:26  Marine x2  
  38  3:31  SCV  
  38  3:33  Viking  
  41  3:39  Orbital Command  
  41  3:43  SCV  
  41  3:45  Marine x2  
  44  3:52  Cyclone  
  44  3:55  SCV  
  48  4:04  Supply Depot  
  48  4:07  SCV  
  48  4:08  SCV  
  49  4:11  Viking  
  49  4:12  Marine  
  49  4:13  Marine  
  53  4:19  SCV  
  54  4:27  Supply Depot  
  54  4:28  Cyclone  
  54  4:30  Marine  
  59  4:31  Marine  
  59  4:35  SCV x2  
  61  4:47  SCV  
  61  4:48  Marine  
  61  4:49  SCV, Marine  
  65  4:53  Starport Tech Lab  
  65  4:59  SCV  
  66  5:01  SCV, Barracks x2  
  66  5:06  Marine  
  66  5:07  Marine  
  68  5:11  SCV  
  70  5:14  Supply Depot  
  70  5:18  Supply Depot  
  70  5:20  SCV  
  68  5:23  SCV  
  68  5:24  Marine x2  
  69  5:31  Starport Reactor  
  69  5:32  SCV  
  69  5:33  Factory Reactor  
  65  5:35  SCV  
  65  5:37  Engineering Bay  
  65  5:42  Marine x2  
  63  5:47  Barracks x2  
  63  5:49  SCV  
  62  6:00  Marine x2  
  65  6:13  Command Center  
Tags
 
Add a new tag
Caveats
  • Supply blocks, unpowered buildings, or Contaminate may cause inaccurate times.
  • Supply counts are checked every 10 seconds.